 Dungeon Crawl Stone Soup version 0.29.1-15-g9cfb28693d (webtiles) character file.

Game seed: 3589211427403941194

2914 leafyfresh the Covert (level 9, -13/67 HPs)
             Began as an Octopode Delver on Feb 24, 2023.
             Was an Initiate of Ashenzari.
             Killed from afar by a steam dragon (17 damage)
             ... with a ball of steam
             ... on level 8 of the Dungeon.
             The game lasted 00:10:05 (9173 turns).

leafyfresh the Covert (Octopode Delver)             Turns: 9173, Time: 00:10:06

Health: -13/67     AC:  5    Str: 11    XL:     9   Next: 78%
Magic:  20/20      EV: 14    Int: 16    God:    Ashenzari [......]
Gold:   517        SH:  0    Dex: 14    Spells: 23/23 levels left

rFire   . . .      SeeInvis .   G - +2 quarterstaff (spect)
rCold   . . .      Faith    .   (shield currently unavailable)
rNeg    . . .      Spirit   .   (helmet restricted)
rPois   .          Reflect  .   (no amulet)
rElec   .          Harm     .   J - +4 ring of protection
rCorr   .          Rampage  .   L - ring of flight
Will    .....                   (no ring)
Stlth   ++++++....              (no ring)
HPRegen 0.21/turn               (no ring)
MPRegen 0.17/turn               (no ring)
                                (no ring)
                                (no ring)

@: flying
A: almost no armour, amphibious, 8 rings, camouflage 1, gelatinous body 1,
(nimble swimmer 1), tentacles
a: Renounce Religion, Curse Item


You were on level 8 of the Dungeon.
You worshipped Ashenzari.
Ashenzari was noncommittal.
You visited 2 branches of the dungeon, and saw 9 of its levels.

You collected 517 gold pieces.

Inventory:

Hand Weapons
 a - a +0 short sword
 s - a +2 mace of draining
 B - a +2 dagger of speed
 G - a +2 spectral quarterstaff (weapon)
Missiles
 C - 21 poisoned darts
 D - 5 silver javelins (quivered)
Magical Staves
 r - a staff of conjuration
Jewellery
 J - a +4 ring of protection (left tentacle)
 L - a ring of flight (right tentacle)
Wands
 f - a wand of digging (3)
 g - a wand of flame (7)
 i - a wand of acid (6)
 x - a wand of polymorph (9)
 K - a wand of roots (4)
Scrolls
 b - a scroll of fog
 c - 3 scrolls of magic mapping
 d - 2 scrolls of noise
 k - 2 scrolls of teleportation
 m - a scroll of amnesia
 n - a scroll of butterflies
 u - 2 scrolls of torment
 w - 2 scrolls of enchant armour
 y - a scroll of silence
 z - 2 scrolls of blinking
 E - 3 scrolls of identify
 F - 2 scrolls of vulnerability
 I - 2 scrolls of fear
 M - a scroll of immolation {unknown}
Potions
 e - 3 potions of haste
 h - a potion of magic {unknown}
 j - 2 potions of flight {unknown}
 l - 4 potions of heal wounds {unknown}
 o - 3 potions of might {unknown}
 p - a potion of resistance {unknown}
 q - a potion of brilliance {unknown}
 t - a potion of lignification {unknown}
 v - 8 potions of curing {unknown}
 A - 2 potions of berserk rage {unknown}
 H - a potion of mutation {unknown}
 N - 2 potions of cancellation {unknown}


   Skills:
 - Level 8.5 Fighting
 - Level 2.0 Short Blades
 + Level 3.1 Dodging
 - Level 10.8 Stealth
 + Level 7.5 Spellcasting


You had 23 spell levels left.
You didn't know any spells.
Your spell library contained the following spells:

 Spells                   Type           Power      Damage    Failure   Level
 Foxfire                  Conj/Fire      24%        2x1d5     12%         1
 Conjure Flame            Conj/Fire      6%         6-21      34%         3
 Inner Flame              Hex/Fire       6%         N/A       34%         3
 Flame Wave               Conj/Fire      6%         2d5       75%         4
 Summon Forest            Summ/Tloc      3%         N/A       97%         5
 Eringya's Noxious Bog    Tmut/Pois      3%         N/A       100%        6
 Summon Hydra             Summ           3%         N/A       100%        7


Dungeon Overview and Level Annotations

Branches:
Dungeon (8/15)             Temple (1/1) D:6
   Lair: D:8-11

Altars:
Ashenzari
Cheibriados
Dithmenos
Elyvilon
Fedhas
Gozag
Hepliaklqana
Kikubaaqudgha
Makhleb
Nemelex Xobeh
Qazlal
Ru
Trog
Uskayaw
Vehumet
Wu Jian
Xom
Yredelemnul
Zin
The Shining One

Shops:
D:1 ?*((!   D:3 =   D:7 (=[[

Annotations:
D:5 3 runed translucent doors, n0ni's ghost, novice DsNe


Innate Abilities, Weirdness & Mutations

You cannot wear most types of armour.
You are amphibious.
You can wear up to eight rings at the same time.
Your skin changes colour to match your surroundings (Stealth+).
Your rubbery body absorbs attacks. (AC +1, EV +1)
((You are camouflaged when in or above water. (Stealth+)))
You have tentacles for arms and can constrict up to eight enemies at once.


Message History

You barely miss the steam dragon.
The steam dragon is lightly wounded.
The steam dragon closely misses you. The steam dragon barely misses you.
A steam dragon is nearby!
You closely miss the steam dragon.
The steam dragon is lightly wounded.
The steam dragon misses you.
The steam dragon claws you but does no damage.
A steam dragon is nearby!
You hit the steam dragon.
The steam dragon is lightly wounded.
The steam dragon bites you. The steam dragon barely misses you.
The steam dragon breathes steam at you. The ball of steam hits you!
You hear a shout! x5
You're standing in a cloud of steam!
You sock the steam dragon!
You squeeze the steam dragon, but do no damage.
The steam dragon is heavily wounded.
You are engulfed in a cloud of scalding steam.
The steam dragon closely misses you. x2
You're standing in a cloud of steam!
You sock the steam dragon!
The steam dragon is severely wounded.
You are engulfed in a cloud of scalding steam.
* * * LOW HITPOINT WARNING * * *
The steam dragon bites you.
* * * LOW HITPOINT WARNING * * *
The steam dragon misses you.
The steam dragon attacks as you move away!
The steam dragon bites you!
* * * LOW HITPOINT WARNING * * *
The steam dragon closely misses you.
Unknown command.
You closely miss the steam dragon. Your squeeze misses the steam dragon.
The steam dragon is severely wounded.
Your +2 spectral quarterstaff barely misses the steam dragon.
The steam dragon breathes steam at you. The ball of steam hits you!
You die...

## ### .. ..#
#.##§####.# #..D(..§!.#
####@####.. #.#<.#.####
##.#.......#
#....##.##.#
#.......##.# ..#
#..........#...
#..........#.#########
#[..............)....#
#..........###..).)..###


You could see a steam dragon (catching breath) and a friendly +2 spectral
quarterstaff (summoned).

Vanquished Creatures
  A hornet (D:7)
  Sigmund (D:4)
  2 ice beasts
  3 black bears
  An orc warrior (D:8)
  2 ogres
  2 phantoms
  2 kobold brigands
  A bullfrog (D:6)
  A necrophage (D:4)
  3 scorpions
  5 wights (D:6)
  4 killer bees (D:8)
  4 jellies
  A howler monkey (D:7)
  An orc priest (D:5)
  5 hounds
  Jessica (D:2)
  5 iguanas
  4 orc wizards
  7 gnolls
  3 adders
  2 white imps (D:5)
  2 worms
  3 dart slugs (D:4)
  21 orcs
  6 ball pythons
  8 endoplasms
  3 giant cockroaches
  8 goblins
  7 hobgoblins
  4 jackals (D:4)
  2 quokkas
  6 bats
  3 frilled lizards (D:1)
  17 kobolds
  3 rats
154 creatures vanquished.

Vanquished Creatures (others)
  7 fungi (D:8)
  6 plants (D:8)
13 creatures vanquished.

Grand Total: 167 creatures vanquished

Notes
Turn   | Place    | Note
-------+----------+-------------------------------------------
     0 | D:5      | leafyfresh the Octopode Delver began the quest for the Orb.
     0 | D:5      | Reached XP level 1. HP: 16/16 MP: 1/1
     2 | D:5      | Noticed a killer bee
     8 | D:4      | Found a radiant altar of Vehumet.
   121 | D:4      | Noticed a necrophage
   128 | D:4      | Killed a necrophage
   129 | D:4      | Reached skill level 8 in Stealth
   129 | D:4      | Reached XP level 2. HP: 5/21 MP: 2/2
   129 | D:4      | Reached XP level 3. HP: 7/26 MP: 3/3
   129 | D:4      | Reached XP level 4. HP: 8/31 MP: 4/4
   486 | D:4      | Noticed Sigmund
   490 | D:4      | Killed Sigmund
   491 | D:4      | Reached skill level 10 in Stealth
   491 | D:4      | Reached XP level 5. HP: 36/36 MP: 5/5
   491 | D:4      | Reached XP level 6. HP: 42/42 MP: 6/6
  1181 | D:3      | Identified the +4 plate armour of Reason {rElec Str+3}
  1200 | D:3      | Found Qius's Jewellery Shop.
  1951 | D:2      | Found a faded altar of an unknown god.
  2347 | D:2      | Noticed Jessica
  2354 | D:2      | Killed Jessica
  2355 | D:2      | Reached skill level 1 in Spellcasting
  2533 | D:1      | Found Cuisaped's Antique Weapon Emporium.
  2551 | D:1      | Found Yqulu's Weapon Shoppe.
  2631 | D:1      | Found Kairch's Distillery.
  2690 | D:1      | Found Xiffog's Assorted Antiques.
  2739 | D:1      | Found Ucuubboe's Magic Scroll Boutique.
  3514 | D:4      | Reached XP level 7. HP: 44/47 MP: 10/10
  4641 | D:4      | Reached skill level 5 in Fighting
  4742 | D:5      | Noticed n0ni's ghost (novice DsNe)
  4744 | D:5      | Found a runed translucent gate.
  4759 | D:5      | Reached XP level 8. HP: 45/56 MP: 12/14
  4761 | D:5      | Found a runed translucent gate.
  4762 | D:5      | Found a runed translucent gate.
  5709 | D:5      | Found a shimmering altar of Xom.
  5709 | D:5      | Found a hazy altar of Hepliaklqana.
  5709 | D:5      | Found an ancient bone altar of Kikubaaqudgha.
  5768 | D:5      | Reached skill level 5 in Spellcasting
  6751 | D:6      | Found a staircase to the Ecumenical Temple.
  6941 | D:6      | Reached XP level 9. HP: 64/64 MP: 17/17
  7450 | Temple   | Entered the Ecumenical Temple
  7625 | Temple   | Became a worshipper of Ashenzari the Shackled
  7863 | D:7      | Noticed a hornet
  7872 | D:7      | Killed a hornet
  8065 | D:7      | Found Iloe's Jewellery Emporium.
  8074 | D:7      | Found Jicho's Weapon Shoppe.
  8181 | D:7      | Found Acudd's Armour Shop.
  8300 | D:7      | Found Amniac Huni's Armour Emporium.
  9172 | D:8      | HP: 3/67 [steam dragon (8)]
  9173 | D:8      | Killed from afar by a steam dragon

Illustrated notes

Levels and vault maps discovered:
D:1:      dpeg_arrival_simpleton_c, layout_basic, serial_shops,
          nicolae_square_shop, nicolae_shop_temple_entry_statues_fountains,
          nicolae_shop_waterfront, shop, shop, amethyst_killhole, chequers_jeans
D:2:      layout_loops_cross, shapermc_ecumenical_altar_mp_ritualfount,
          uniq_jessica
D:3:      layout_loops_ring, serial_shops, nicolae_shop_trees,
          hangedman_decor_slide_cut
D:4:      minmay_chambers_of_threes, layout_rooms, vehumet_altar_wand_db,
          serial_glass, glass_columns_b, glass_columns_a, glass_columns_c,
          glass_columns_a, glass_columns_b, glass_columns_c,
          minmay_starry_boxes, uniq_sigmund
D:5:      layout_rooms, gammafunk_temple_overflow_claw, gammafunk_ghost_split
D:6:      layout_basic, minmay_temple_entry_enclosed_plants,
          chequers_serial_rivers_large_b
D:7:      layout_cave_pools, serial_shops, nicolae_shop_statue_plus,
          nicolae_diamond_shop, nicolae_inconvenience_store, shop,
          minmay_microvault
D:8:      layout_basic, dpeg_oklobed_lair, chequers_serial_rivers_micro_b
Temple:   nicolae_temple_slightly_damp_pantheon

Skill      XL: |  1  2  3  4  5  6  7  8  9 |
---------------+----------------------------+-----
Stealth        | 8 10 | 10.8
Spellcasting   | 2 4 5 7 |  7.5
Fighting       | 5 7 8 |  8.5
Dodging        | 3 |  3.1
Short Blades   | |  2.0

Action                   |  1- 3 |  4- 6 |  7- 9 || total
-------------------------+-------+-------+-------++-------
Melee: Short sword       |    12 |    31 |       ||    43
       Tentacles         |     4 |    20 |    52 ||    76
       Constrict         |     3 |    14 |    51 ||    68
       Mace              |       |    40 |       ||    40
       Dagger            |       |    12 |    23 ||    35
       Punch             |       |     2 |     6 ||     8
       Quarterstaff      |       |       |   170 ||   170
Evoke: Wand              |       |       |     3 ||     3
  Use: Scroll            |       |       |    11 ||    11
 Stab: Sleeping          |       |    26 |    18 ||    44
       Fleeing           |       |       |     1 ||     1
Armor: Skin              |       |     3 |    15 ||    18
Dodge: Dodged            |     4 |    32 |   133 ||   169
